 Dungeon Crawl Stone Soup version 0.25.1-2-g60ff931df9 (webtiles) character file.

Game seed: 14842205195607956405

916 halkony2012 the Skirmisher (level 7, -6/64 HPs)
             Began as a Minotaur Berserker on Oct 2, 2020.
             Was a Believer of Trog.
             Mangled by a hornet (13 damage)
             ... on level 5 of the Dungeon.
             The game lasted 00:13:41 (3241 turns).

halkony2012 the Skirmisher (Minotaur Berserker)     Turns: 3241, Time: 00:13:41

Health: -6/64      AC:  7    Str: 24    XL:     7   Next: 83%
Magic:  6/6        EV: 12    Int:  4    God:    Trog [**....]
Gold:   164        SH:  0    Dex:  9    Spells: 6/6 levels left

rFire    . . .     SeeInvis +   n - +2 quarterstaff (chaos)
rCold    + . .     Gourm    .   (shield currently unavailable)
rNeg     . . .     Faith    .   m - +0 scale mail
rPois    .         Spirit   .   (helmet restricted)
rElec    .         Reflect  .   (no cloak)
rCorr    .         Harm     .   (no gloves)
MR       .....                  (no boots)
Stlth    ..........             (no amulet)
HPRegen  0.20/turn              (no ring)
MPRegen  0.10/turn              (no ring)

@: lethally poisoned (-6 -> -9), slowed, very slow
A: retaliatory headbutt, horns 2, see invisible, cold resistance 1, MP-powered
wands
a: Berserk, Trog's Hand, Renounce Religion


You were on level 5 of the Dungeon.
You worshipped Trog.
Trog was pleased with you.
You were not hungry.

You visited 1 branch of the dungeon, and saw 5 of its levels.

You collected 164 gold pieces.

Inventory:

Hand Weapons
 a - a +1 hand axe
 n - a +2 quarterstaff of chaos (weapon)
Armour
 b - a +0 animal skin
 m - a +0 scale mail (worn)
Wands
 p - a wand of digging (4)
 q - a wand of flame (10)
Scrolls
 d - 2 scrolls of enchant weapon
 e - a scroll of enchant armour {unknown}
 g - 2 scrolls of identify {unknown}
 i - a scroll of noise {unknown}
 j - a scroll of fear
 l - 3 scrolls of teleportation {unknown}
Potions
 f - 2 potions of mutation
 h - a potion of stabbing {unknown}
 k - a potion of flight {unknown}
 o - a potion of curing {unknown}
Comestibles
 c - 5 rations


   Skills:
 + Level 6.4 Fighting
 - Level 6.2 Axes
 + Level 1.1 Staves
 + Level 5.8 Armour
 + Level 5.3 Dodging


You had 6 spell levels left.
You didn't know any spells.
Your spell library was empty.

Dungeon Overview and Level Annotations

Branches:
Dungeon (5/15)
 Temple: D:4-7

Altars:
Okawaru
Sif Muna

Shops:
D:5 =


Innate Abilities, Weirdness & Mutations

You reflexively headbutt those who attack you in melee.
You have a pair of horns on your head.
You have supernaturally acute eyesight. (SInv)
Your flesh is cold resistant. (rC+)
You expend magic power (3 MP) to strengthen your wands.


Message History

The hornet is lightly wounded.
You feel sick. The hornet stings you!
You feel as though you will be slow longer.
The hornet stings you.
You feel as though you will be slow longer.
The hornet stings you!
* * * LOW HITPOINT WARNING * * *
You feel as though you will be slow longer.
You thump the hornet! You freeze the hornet. You headbutt the hornet.
The hornet is heavily wounded.
You feel sick. The hornet stings you.
* * * LOW HITPOINT WARNING * * *
You feel as though you will be slow longer.
The hornet closely misses you. You furiously retaliate!
You headbutt the hornet. The hornet completely misses you.
It was a potion of mutation.
You feel extremely strange.
You feel your magical essence link to the dungeon's wands.
Your vision sharpens.
You feel resistant to cold.
You feel sick. The hornet stings you!
You die...

#.# #.#
## #.#
.. #.#
#. #.#
#. #.#
#. #.#
#y####.#
#.@....#
########


You could see a hornet.

Vanquished Creatures
  Eustachio (D:4)
  A phantom (D:4)
  An ice beast (D:5)
  2 centaurs (D:5)
  A howler monkey (D:4)
  2 hounds (D:5)
  Crazy Yiuf (D:4)
  A centaur skeleton (D:5)
  An orc priest (D:3)
  An orc wizard (D:3)
  7 worker ants
  A hound skeleton (D:4)
  Robin (D:2)
  An adder (D:2)
  2 worms (D:4)
  A leopard gecko (D:1)
  2 orcs
  A bat (D:3)
  A giant cockroach (D:4)
  8 goblins (D:2)
  6 hobgoblins
  3 jackals (D:2)
  3 kobolds
  2 quokkas (D:5)
  A ball python (D:1)
  A frilled lizard (D:5)
  A quokka skeleton (D:5)
54 creatures vanquished.

Notes
Turn   | Place    | Note
-------+----------+-------------------------------------------
     0 | D:1      | halkony2012 the Minotaur Berserker began the quest for the
                  | Orb.
     0 | D:1      | Reached XP level 1. HP: 19/19 MP: 0/0
   199 | D:2      | Noticed Robin
   203 | D:2      | Reached XP level 2. HP: 27/27 MP: 1/1
   218 | D:2      | Killed Robin
   218 | D:2      | Reached XP level 3. HP: 28/33 MP: 2/2
   586 | D:2      | Reached ** piety under Trog
  1298 | D:3      | Reached XP level 4. HP: 41/41 MP: 3/3
  1422 | D:3      | You fall into a shaft and drop 2 floors!
  1422 | D:5      | Entered Level 5 of the Dungeon
  1422 | D:5      | Found an iron altar of Okawaru.
  1573 | D:5      | Reached XP level 5. HP: 37/47 MP: 4/4
  1603 | D:4      | Noticed a phantom
  1624 | D:4      | Killed a phantom
  1624 | D:4      | Reached skill level 5 in Fighting
  1624 | D:4      | Reached skill level 5 in Axes
  1624 | D:4      | Reached XP level 6. HP: 26/56 MP: 5/5
  1976 | D:4      | Found a runed translucent door.
  1977 | D:4      | Noticed Crazy Yiuf
  2003 | D:4      | Killed Crazy Yiuf
  2187 | D:4      | Noticed Eustachio
  2330 | D:4      | Killed Eustachio
  2427 | D:4      | Reached skill level 5 in Armour
  2427 | D:4      | Reached XP level 7. HP: 62/62 MP: 6/6
  2587 | D:5      | Found Xouseut's Jewellery Emporium.
  2976 | D:5      | Found a shimmering blue altar of Sif Muna.
  3000 | D:5      | Reached skill level 5 in Dodging
  3236 | D:5      | Noticed a hornet
  3237 | D:5      | Reached skill level 1 in Staves
  3241 | D:5      | Gained mutation: You expend magic power (3 MP) to
                  | strengthen your wands. [potion of mutation]
  3241 | D:5      | Gained mutation: You have supernaturally acute eyesight.
                  | (SInv) [potion of mutation]
  3241 | D:5      | Gained mutation: Your flesh is cold resistant. (rC+)
                  | [potion of mutation]
  3241 | D:5      | Mangled by a hornet

Illustrated notes

Levels and vault maps discovered:
D:1:      enne_arrival_octagon_isle, layout_basic
D:2:      layout_basic, uniq_robin
D:3:      layout_loops_corners, lemuel_doored_altar, uniq_ijyb
D:4:      layout_rooms, uniq_eustachio, uniq_crazy_yiuf_cottage
D:5:      layout_basic, first_ration, basic_altar, serial_shops,
          nicolae_shop_statue_plus, st_stairs_10, serial_bayou_pond_a,
          okawaru_metal_pillars_3

Skill      XL: |  1  2  3  4  5  6  7 |
---------------+----------------------+-----
Fighting       | 4 5 6 |  6.4
Axes           | 4 5 6 |  6.2
Armour         | 3 4 5 |  5.8
Dodging        | 3 4 5 |  5.3
Staves         | 1 |  1.1

Action                   |  1- 3 |  4- 6 |  7- 9 || total
-------------------------+-------+-------+-------++-------
Melee: Hand axe          |    45 |    34 |       ||    79
       Headbutt          |     5 |    10 |     8 ||    23
       Quarterstaff      |       |    12 |    31 ||    43
Invok: Berserk           |     1 |     1 |       ||     2
  Use: Scroll            |     1 |     1 |       ||     2
       Potion            |       |       |     1 ||     1
  Eat: Chunk             |       |     4 |     2 ||     6
       Ration            |       |     1 |       ||     1
Armor: Animal skin       |     3 |     5 |       ||     8
       Scale mail        |       |    10 |    11 ||    21
Dodge: Dodged            |    34 |    28 |    19 ||    81
